 Dungeon Crawl Stone Soup version 0.32-a0-18-g89e19f1974 (webtiles) character file.

Game seed: 14455598769933963943

14681 Dirtsage the Mimic (level 12, -1/84 HPs)
             Began as an Octopode Shapeshifter on Jan 16, 2024.
             Was a Follower of the Shining One.
             Slain by an orc warrior
             ... wielding a +0 broad axe
              (14 damage)
             ... on level 11 of the Dungeon.
             The game lasted 00:15:59 (9779 turns).

Dirtsage the Mimic (Octopode Shapeshifter)          Turns: 9779, Time: 00:15:59

Health: -1/84      AC:  1    Str: 13    XL:     12   Next: 19%
Magic:  13/13      EV: 22    Int: 13    God:    the Shining One [*.....]
Gold:   540        SH:  0    Dex: 16    Spells: 11/11 levels left

rFire   . .          .
                       - Unarmed
rCold   + + .        (shield currently unavailable)
rNeg    . . .        (helmet restricted)
rPois   +            w - amulet of regeneration
rElec   .            I - ring of protection from cold
rCorr   .            C - ring of protection from cold
SInv    .            P - ring of poison resistance
Will    .....        i - +4 ring of slaying
Stlth   +            (no ring)
HPRegen 1.14/turn    (no ring)
MPRegen 0.13/turn    (no ring)
                     (no ring)

%: no passive effects
@: flux-form, spiked, glowing
A: glow, contaminating, almost no armour, amphibious, 8 rings, camouflage 1,
gelatinous body 1, (nimble swimmer 1), tentacles
a: Begin Untransformation, Renounce Religion, Divine Shield


You were on level 11 of the Dungeon.
You worshipped the Shining One.
The Shining One was aware of your devotion.
You were something dangerously unstable.
You visited 2 branches of the dungeon, and saw 12 of its levels.

You collected 630 gold pieces.
You spent 90 gold pieces at shops.

Inventory:

Missiles
 u - 6 curare-tipped darts (quivered)
Jewellery
 i - a +4 ring of slaying (on tentacle)
 o - an amulet of guardian spirit
 p - an amulet of reflection
 w - an amulet of regeneration (around mantle)
 C - a ring of protection from cold (right tentacle)
 E - an amulet of magic regeneration
 I - a ring of protection from cold (left tentacle)
 P - a ring of poison resistance (on tentacle)
Talismans
 b - a beast talisman
 c - a flux talisman (active)
Wands
 m - a wand of paralysis (11)
 s - a wand of roots (8)
 B - a wand of mindburst (12)
Scrolls
 a - 3 scrolls of enchant armour
 e - 2 scrolls of fog {unknown}
 f - 3 scrolls of vulnerability
 g - a scroll of fear {unknown}
 j - a scroll of immolation
 r - 2 scrolls of silence
 t - 2 scrolls of teleportation
 v - a scroll of blinking {unknown}
 x - 2 scrolls of poison
 y - a scroll of amnesia {unknown}
 G - a scroll of revelation
Potions
 d - 2 potions of might
 h - a potion of haste
 k - a potion of cancellation
 l - a potion of heal wounds
 n - a potion of resistance
 q - 5 potions of curing
 z - a potion of invisibility
 A - 2 potions of attraction
 D - a potion of berserk rage
 F - 2 potions of lignification


   Skills:
 + Level 8.8 Fighting
 + Level 8.9 Dodging
 + Level 9.3 Unarmed Combat
 + Level 2.1 Invocations
 * Level 11.7 Shapeshifting


You had 11 spell levels left.
You didn't know any spells.
Your spell library contained the following spells:

 Spells                   Type           Power      Damage    Failure   Level
 Ensorcelled Hibernation  Hex/Ice        0%         N/A       43%         2
 Static Discharge         Conj/Air       0%         3-3/arc   43%         2
 Fugue of the Fallen      Necr           0%         N/A       67%         3
 Airstrike                Air            0%         2d(0-16)  97%         4
 Anguish                  Hex/Necr       0%         N/A       97%         4
 Summon Lightning Spire   Summ/Air       0%         N/A       97%         4


Dungeon Overview and Level Annotations

Branches:
Dungeon (11/15)            Temple (1/1) D:6            Lair (0/5) D:11
    Orc: D:9-12

Altars:
Ashenzari
Cheibriados
Dithmenos
Elyvilon
Fedhas
Gozag
Hepliaklqana
Kikubaaqudgha
Makhleb
Nemelex Xobeh
Okawaru
Qazlal
Ru
Sif Muna
Trog
Uskayaw
Vehumet
Wu Jian
Xom
Yredelemnul
Zin
The Shining One

Shops:
D:2 [   D:3 *

Portals:
Abyss: D:8

Annotations:
D:8 2 transporters, Pim's ghost, novice OpFi
D:10 1 runed translucent door, Turgon's ghost, novice TrBr


Innate Abilities, Weirdness & Mutations

You are something dangerously unstable.
You glow with magical radiation, making you easy to see and hit.
Foes you strike become dangerously contaminated with magical radiation.
You are incapable of wielding weapons or throwing items.
You cannot wear most types of armour.
You are amphibious.
You can wear up to eight rings at the same time.
Your skin changes colour to match your surroundings (Stealth+).
Your rubbery body absorbs attacks. (AC +1, EV +1)
((You are camouflaged when in or above water. (Stealth+)))
You have tentacles for arms and can constrict up to eight enemies at once.


Message History

You kill the orc wizard!
An orc warrior comes into view. It is wielding a +0 broad axe.
The manticore flicks its tail.
The volley of spikes skewers you!!
The barbed spikes become lodged in your body.
You take 20 damage, and have 55/84 hp.
MASSIVE DAMAGE!!
The barbed spikes dig painfully into your body as you move.
You take 4 damage, and have 51/84 hp.
The barbed spikes dig painfully into your body as you move.
The manticore bites you!! The manticore closely misses you.
The manticore claws you.
You take 25 damage, and have 26/84 hp.
MASSIVE DAMAGE!!
You tentacle-slap the manticore.
The manticore begins to glow.
The manticore is lightly wounded.
The manticore bites you!
* * * LOW HITPOINT WARNING * * *
The manticore closely misses you. The manticore claws you.
* * * LOW HITPOINT WARNING * * *
You take 12 damage, and have 14/84 hp.
You tentacle-slap the manticore.
The manticore glows dangerously bright.
You squeeze the manticore.
The manticore is lightly wounded.
The manticore misses you. The manticore barely misses you.
The manticore completely misses you.
You tentacle-slap the manticore but do no damage.
The manticore shudders as magic cascades through it!
The manticore twists and deforms.
You squeeze the manticore!
The manticore is severely wounded.
You barely miss the manticore.
The manticore is severely wounded.
The manticore completely misses you. The manticore claws you.
* * * LOW HITPOINT WARNING * * *
The manticore claws you.
* * * LOW HITPOINT WARNING * * *
You take 4 damage, and have 12/84 hp.
You bludgeon the manticore!
The manticore begins to glow.
You squeeze the manticore.
The manticore is almost dead.
The orc warrior hits you with a +0 broad axe!
You die...

.. #....... ########.....###
...#...... #...............
...'..... #.......#####...
#...o######.......'...#...
####.?..#............#...#...
........#............#...+...
........)............#...#..§
........#............#...##§.
#########..opH########......§
.............'.............§
.............#.<............
........######.............#
........#..........######...
........#...######## ....#
...######...# ..... ... #####
..≈ . ..≈


You could see a manticore (contam, misshapen) and an orc warrior.

Vanquished Creatures
  7 two-headed ogres
  Pikel (D:7)
  2 elephants (D:11)
  2 komodo dragons
  3 red devils (D:11)
  2 trolls
  2 hornets
  Sigmund (D:2)
  2 wyverns
  A vampire (D:9)
  2 shadows
  Eustachio (D:6)
  16 yaks
  Duvessa (D:4)
  3 water moccasins
  2 ice beasts
  4 orc warriors
  A sky beast (D:7)
  3 black bears
  5 centaurs
  2 kobold brigands
  A gnoll sergeant (D:8)
  2 scorpions
  3 bullfrogs
  Dowan (D:4)
  5 wights (D:7)
  7 killer bees
  3 howler monkeys (D:9)
  7 hounds
  4 orc priests
  2 bombardier beetles
  A gnoll bouda (D:7)
  A jelly (D:6)
  Terence (D:2)
  Jessica (D:3)
  4 iguanas
  3 sleepcaps
  7 orc wizards
  12 gnolls
  11 adders
  A shadow imp (D:7)
  3 white imps
  3 ribbon worms
  11 orcs
  3 bats (D:3)
  2 endoplasms
  A giant cockroach (D:2)
  2 hobgoblins (D:1)
  3 quokkas
  10 ball pythons
  A frilled lizard (D:2)
  6 goblins
  13 kobolds
  2 rats
200 creatures vanquished.

Vanquished Creatures (others)
  A bombardier beetle (D:6)
  An orc wizard (D:4)
2 creatures vanquished.

Grand Total: 202 creatures vanquished

Notes
Turn   | Place    | Note
-------+----------+-------------------------------------------
     0 | D:1      | Dirtsage the Octopode Shapeshifter began the quest for the
                  | Orb.
     0 | D:1      | Reached XP level 1. HP: 13/13 MP: 1/1
   212 | D:1      | Reached XP level 2. HP: 18/18 MP: 2/2
  1068 | D:2      | Noticed Sigmund
  1076 | D:2      | Killed Sigmund
  1077 | D:2      | Reached skill level 4 in Shapeshifting
  1077 | D:2      | Reached XP level 3. HP: 7/25 MP: 3/3
  1077 | D:2      | Reached XP level 4. HP: 9/30 MP: 4/4
  1077 | D:2      | Reached XP level 5. HP: 10/35 MP: 5/5
  1372 | D:2      | You fall into a shaft and drop 1 floor!
  1384 | D:3      | Noticed Jessica
  1393 | D:3      | Killed Jessica
  1530 | D:2      | Noticed Terence
  1539 | D:2      | Killed Terence
  1540 | D:2      | Reached XP level 6. HP: 9/41 MP: 1/6
  1879 | D:2      | Found Inaqamp's Armour Emporium.
  2208 | D:3      | Found Adir's Assorted Antiques.
  2312 | D:3      | Bought a small emerald ring for 90 gold pieces
  2954 | D:4      | Noticed Dowan
  2955 | D:4      | Noticed Duvessa
  2972 | D:4      | Killed Duvessa
  2973 | D:4      | Reached skill level 5 in Shapeshifting
  2973 | D:4      | Reached XP level 7. HP: 46/46 MP: 7/7
  2985 | D:4      | Killed Dowan
  3473 | D:5      | Entered Level 5 of the Dungeon
  3754 | D:5      | Reached XP level 8. HP: 46/54 MP: 8/8
  3769 | D:5      | Reached skill level 5 in Unarmed Combat
  3773 | D:5      | Reached skill level 6 in Shapeshifting
  3904 | D:5      | Noticed a two-headed ogre
  3921 | D:5      | Killed a two-headed ogre
  3922 | D:5      | Reached skill level 5 in Dodging
  4029 | D:5      | Reached skill level 7 in Shapeshifting
  4183 | D:5      | Reached XP level 9. HP: 54/60 MP: 9/9
  4396 | D:5      | Found a white marble altar of Elyvilon.
  4591 | D:6      | Found a staircase to the Ecumenical Temple.
  4598 | D:6      | Reached skill level 5 in Fighting
  4614 | Temple   | Entered the Ecumenical Temple
  4999 | D:6      | Found a snail-covered altar of Cheibriados.
  5029 | D:6      | Noticed Eustachio
  5032 | D:6      | Killed Eustachio
  5389 | D:6      | Found an opulent altar of Gozag.
  5389 | D:6      | Found a glowing silver altar of Zin.
  5471 | D:7      | Reached skill level 8 in Shapeshifting
  5540 | D:7      | Found a broken altar of Ashenzari.
  6229 | D:7      | Noticed Pikel
  6242 | D:7      | Killed Pikel
  6243 | D:7      | Reached XP level 10. HP: 69/69 MP: 10/10
  6328 | D:7      | Reached skill level 9 in Shapeshifting
  6569 | D:7      | Paralysed by a hornet for 1 turns
  6767 | D:8      | Noticed a two-headed ogre
  6940 | D:8      | Found a one-way gate to the infinite horrors of the Abyss.
  6940 | D:8      | Noticed Pim's ghost (novice OpFi)
  6943 | D:8      | Found a transporter.
  6950 | D:8      | Noticed a toenail golem
  6971 | D:8      | Found a transporter.
  7060 | D:8      | Noticed a two-headed ogre
  7085 | D:8      | Killed a two-headed ogre
  7322 | D:8      | Noticed a two-headed ogre
  7332 | D:8      | Killed a two-headed ogre
  7333 | D:8      | Reached skill level 10 in Shapeshifting
  7813 | D:9      | Noticed a two-headed ogre
  7825 | D:9      | Reached XP level 11. HP: 75/75 MP: 11/11
  7837 | D:9      | Killed a two-headed ogre
  8012 | D:9      | Noticed a two-headed ogre
  8025 | D:10     | Entered Level 10 of the Dungeon
  8060 | D:9      | Killed a two-headed ogre
  8229 | D:9      | Found a glowing golden altar of the Shining One.
  8240 | D:9      | Became a worshipper of the Shining One
  8313 | D:9      | Noticed a two-headed ogre
  8322 | D:9      | Killed a two-headed ogre
  8361 | D:9      | Found a shimmering altar of Xom.
  8770 | D:10     | Found a sparkling altar of Nemelex Xobeh.
  8865 | D:10     | Found a shadowy altar of Dithmenos.
  8985 | D:10     | Found a runed translucent door.
  8988 | D:10     | Identified the +10 spear of Bloody Death {protect, rN+
                  | Str+3 Int+3}
  8988 | D:10     | Noticed Turgon's ghost (novice TrBr)
  9060 | D:10     | Noticed a two-headed ogre
  9066 | D:10     | Reached skill level 11 in Shapeshifting
  9072 | D:10     | Killed a two-headed ogre
  9408 | D:11     | Reached * piety under the Shining One
  9413 | D:11     | Reached skill level 1 in Invocations
  9413 | D:11     | Reached XP level 12. HP: 20/84 MP: 12/12
  9567 | D:11     | Found a staircase to the Lair.
  9779 | D:11     | Slain by an orc warrior

Illustrated notes

Levels and vault maps discovered:
D:1:      elethiomel_arrival_infinity_welcomes_careful_drivers, layout_basic
D:2:      layout_loops_corners, serial_shops, shop, uniq_terence, uniq_sigmund
D:3:      layout_rooms, serial_shops, shop, minmay_misc_feat_room,
          kennysheep_donut, supply_closet_lemuel, uniq_jessica
D:4:      layout_loops_ring, uniq_duvessa
D:5:      nicolae_BIG_FREAKIN_CUBE, layout_basic, mainiacjoe_overflow_boulevard
D:6:      layout_loops_ring, grunt_temple_overflow_gold_and_silver,
          slow_altar_2, minmay_temple_entry_proselytizer, uniq_eustachio
D:7:      layout_loops_cross, cheibrodos_ashenzari_chains, minivault_19,
          uniq_pikel
D:8:      layout_cave_pods, gammafunk_ghost_abyssal_escape,
          minmay_misc_feat_tiny
D:9:      layout_basic, tso_altar, overflow_temple_1_default, serial_rivers,
          chequers_serial_rivers_micro_e, chequers_serial_rivers_micro_a,
          chequers_serial_rivers_small_a, chequers_serial_rivers_micro_a,
          chequers_serial_rivers_small_b, chequers_serial_rivers_micro_e
D:10:     layout_roguey, nicolae_dithmenos_the_darkroom,
          nemelex_xobeh_ov_fountains_minmay, ebering_ghost_funeral_grove
D:11:     layout_gridville, grunt_lair_entry_orc_guard_hut, orc_0_dummy,
          ebering_ghost_reflecting_pool, einodemon_armed_red_devil_minivault
Temple:   nicolae_temple_god_jail

Skill      XL: |  1  2  3  4  5  6  7  8  9 10 11 12 |
---------------+-------------------------------------+-----
Fighting       | 2 3 4 6 7 8 |  8.8
Dodging        | 3 4 5 6 7 8 |  8.9
Shapeshifting  | 4 5 7 8 10 11 | 11.7
Unarmed Combat | 4 5 7 8 9 |  9.3
Invocations    | 1 2 |  2.1

Action                     |  1- 3 |  4- 6 |  7- 9 | 10-12 || total
---------------------------+-------+-------+-------+-------++-------
  Melee: Unarmed           |    18 |    89 |   258 |   360 ||   725
         Tentacles         |     5 |    21 |    75 |   118 ||   219
         Constrict         |     5 |    20 |    55 |    42 ||   122
         Punch             |     1 |     3 |     5 |       ||     9
  Evoke: Wand              |       |       |       |     2 ||     2
    Use: Potion            |       |     1 |     3 |     2 ||     6
         Scroll            |       |       |       |    13 ||    13
   Stab: Sleeping          |     3 |    11 |     2 |       ||    16
         Distracted        |       |       |       |     1 ||     1
 Armour: Skin              |     1 |    38 |    82 |   116 ||   237
  Dodge: Dodged            |    11 |    34 |   149 |   279 ||   473
  Block: Other             |       |     9 |    45 |     4 ||    58
         Reflection        |       |       |     2 |       ||     2
   Form: Flux              |       |       |     1 |       ||     1

Table legend: (Time is in decaauts)
 A = Elapsed time spent in this place.
 B = Non-inter-level travel time spent in this place.
 C = Inter-level travel time spent in this place.
 D = Time resting spent in this place.
 E = Time spent auto-exploring this place.
 F = Levels seen in this place.
 G = Mean time per level.
                   A        B        C        D        E       F      G
               +--------+--------+--------+--------+--------+-----+--------+
         Total |   9686 |   9232 |    454 |    274 |   7488 |  12 |  807.2 |
       Dungeon |   9684 |   9230 |    454 |    274 |   7488 |  11 |  880.4 |
        Temple |      1 |      1 |      0 |      0 |      0 |   1 |    1.0 |
               +--------+--------+--------+--------+--------+-----+--------+

Top non-repeatable levels by time:
     D:7: 1233 daAuts
     D:6: 1145 daAuts
     D:2: 1085 daAuts
     D:5: 980 daAuts
     D:1: 973 daAuts
     D:8: 891 daAuts
     D:4: 859 daAuts
     D:9: 811 daAuts
    D:10: 728 daAuts
     D:3: 541 daAuts
    D:11: 433 daAuts
  Temple: 1 daAuts
